MWL (24 & UNDER)
ERIE JAXX @ BARRY'S BAY ORIOLES
09/16/2026
 
TOP OF THE 1ST
Erie Jaxx batting - Pitching for Barry's Bay Orioles : LHP Miguel Muńíz
Pitching: LHP Miguel Muńíz
Batting: RHB Luis Fuentes 0-0: Swinging Strike
0-1: Foul Ball, location: 2F
0-2: Reached on Error, E8 (Flyball, 8RM)
Batting: RHB Alfredo Ramírez 0-0: SINGLE (Line Drive, 8RS)
Luis Fuentes to second
Runner from 2nd tries for 3rd, SAFE, throw made to third
Batting: RHB Bobby Murdock 0-0: Ball
1-0: Swinging Strike
1-1: Ball
2-1: Fly out, F8 (Flyball, 8LD)
Runner from 3rd tags up, SCORES, no throw
Batting: RHB Ken Longoria 0-0: Ball
1-0: Ball
2-0: Ball
3-0: Base on Balls
Alfredo Ramírez to second
Batting: LHB Josh Pérez 0-0: Swinging Strike
0-1: Foul Ball, location: 2F
0-2: Ball
1-2: Foul Ball, location: 2F
1-2: Strikes out swinging
Batting: RHB Steve Clifton 0-0: Ball
1-0: Ball
2-0: SINGLE (Line Drive, 6MD)
Alfredo Ramírez to third
Ken Longoria to second
Batting: SHB Michael Field 0-0: Ball
1-0: Ball
2-0: GRAND SLAM HOME RUN (Flyball, 7D), Distance : 360 ft
Batting: RHB Júlio Hernández 0-0: Ball
1-0: Fly out, F1 (Line Drive, 13)
Top of the 1st over - 5 run(s), 3 hit(s), 1 error(s), 0 left on base; Erie 5 - Barry's Bay 0
BOTTOM OF THE 1ST
Barry's Bay Orioles batting - Pitching for Erie Jaxx : RHP Steve Newman
Pitching: RHP Steve Newman
Batting: RHB Jason Ward 0-0: Ball
1-0: Called Strike
1-1: DOUBLE (Line Drive, 7LM)
Batting: RHB Rob Schmidt 0-0: Swinging Strike
0-1: Called Strike
0-2: Strikes out looking
Batting: LHB Howard Evans 0-0: Called Strike
0-1: Hit by Pitch
Batting: RHB James Tucker 0-0: Swinging Strike
0-1: Fly out, F8 (Flyball, 8LM)
Batting: LHB José Rodríguez 0-0: Ball
1-0: Fly out, F2 (Popup, 2RF)
Bottom of the 1st over - 0 run(s), 1 hit(s), 0 error(s), 2 left on base; Erie 5 - Barry's Bay 0
TOP OF THE 2ND
Erie Jaxx batting - Pitching for Barry's Bay Orioles : LHP Miguel Muńíz
Batting: RHB Cristián Cauozos 0-0: Called Strike
0-1: Ball
1-1: Fly out, F9 (Flyball, 9LM)
Batting: RHB Luis Fuentes 0-0: Called Strike
0-1: Ball
1-1: Foul Ball, location: 2F
1-2: Foul Ball, location: 2F
1-2: Foul Ball, location: 2F
1-2: DOUBLE (Line Drive, 89M)
Batting: RHB Alfredo Ramírez 0-0: Ball
1-0: Ball
2-0: Ball
3-0: Called Strike
3-1: SINGLE (Line Drive, 7S)
Luis Fuentes to third
Batting: RHB Bobby Murdock 0-0: Called Strike
0-1: Ball
1-1: Foul Ball, location: 2F
1-2: Foul Ball, location: 2F
1-2: Ball
2-2: Strikes out swinging
Batting: RHB Ken Longoria 0-0: Ball
1-0: Called Strike
1-1: Ball
2-1: Called Strike
2-2: Fly out, F8 (Flyball, 8RS)
Top of the 2nd over - 0 run(s), 2 hit(s), 0 error(s), 2 left on base; Erie 5 - Barry's Bay 0
BOTTOM OF THE 2ND
Barry's Bay Orioles batting - Pitching for Erie Jaxx : RHP Steve Newman
Batting: RHB Jesús Villalobos 0-0: Ball
1-0: Ball
2-0: Called Strike
2-1: Ball
3-1: Called Strike
3-2: Base on Balls
Batting: LHB Manuel Pérez 0-0: Ball
1-0: Fielders Choice at 2nd, 3-6 (Groundball, 3)
Batting: RHB Curt Wagner 0-0: Swinging Strike
0-1: DOUBLE (Groundball, 5L)
Manuel Pérez to third
Batting: RHB Guy Morrison 0-0: Ball
1-0: SINGLE (Line Drive, 7LS)
Manuel Pérez scores
Curt Wagner to third
Runner from 3rd tries for Home, throw and OUT!
Batting: RHB Jason Ward 0-0: Called Strike
0-1: Called Strike
0-2: Strikes out swinging
Bottom of the 2nd over - 1 run(s), 2 hit(s), 0 error(s), 1 left on base; Erie 5 - Barry's Bay 1
TOP OF THE 3RD
Erie Jaxx batting - Pitching for Barry's Bay Orioles : LHP Miguel Muńíz
Batting: LHB Josh Pérez 0-0: Ball
1-0: Foul Ball, location: 2F
1-1: Foul Ball, location: 2F
1-2: Foul Ball, location: 2F
1-2: Strikes out looking
Batting: RHB Steve Clifton 0-0: Fly out, F9 (Line Drive, 9S)
Batting: SHB Michael Field 0-0: Ball
1-0: Called Strike
1-1: Called Strike
1-2: Foul Ball, location: 2F
1-2: Ball
2-2: Foul Ball, location: 2F
2-2: Foul Ball, location: 2F
2-2: Strikes out swinging
Top of the 3rd over - 0 run(s), 0 hit(s), 0 error(s), 0 left on base; Erie 5 - Barry's Bay 1
BOTTOM OF THE 3RD
Barry's Bay Orioles batting - Pitching for Erie Jaxx : RHP Steve Newman
Batting: RHB Rob Schmidt 0-0: Swinging Strike
0-1: Ball
Error on foul ball, E5
1-2: Foul Ball, location: 2F
1-2: Ball
2-2: DOUBLE (Flyball, 8LD)
Batting: LHB Howard Evans 0-0: Called Strike
0-1: Ball
1-1: Ball
2-1: Ball
3-1: Base on Balls
Batting: RHB James Tucker 0-0: Foul Ball, location: 2F
0-1: Ball
1-1: Foul Ball, location: 2F
1-2: Strikes out looking
Batting: LHB José Rodríguez 0-0: Ball
1-0: Swinging Strike
1-1: Swinging Strike
1-2: Foul Ball, location: 2F
1-2: Strikes out swinging
Batting: RHB Jesús Villalobos 0-0: Reached on error, E6 (Groundball, 6)
Rob Schmidt to third
Howard Evans to second
Batting: LHB Manuel Pérez 0-0: Called Strike
0-1: Foul Ball, location: 2F
0-2: SINGLE (Groundball, 6MD)
Rob Schmidt scores
Howard Evans to third
Jesús Villalobos to second
Runner from 3rd tries for Home, throw and OUT!
Bottom of the 3rd over - 1 run(s), 2 hit(s), 2 error(s), 2 left on base; Erie 5 - Barry's Bay 2
TOP OF THE 4TH
Erie Jaxx batting - Pitching for Barry's Bay Orioles : LHP Miguel Muńíz
Batting: RHB Júlio Hernández 0-0: Ball
1-0: Ground out 1-3 (Groundball, 13)
Batting: RHB Cristián Cauozos 0-0: Ball
1-0: Ball
2-0: Ball
3-0: Base on Balls
Batting: RHB Luis Fuentes 0-0: Ball
1-0: Grounds into double play, 6-4-3 (Groundball, 6)
Top of the 4th over - 0 run(s), 0 hit(s), 0 error(s), 0 left on base; Erie 5 - Barry's Bay 2
BOTTOM OF THE 4TH
Barry's Bay Orioles batting - Pitching for Erie Jaxx : RHP Steve Newman
Batting: RHB Curt Wagner 0-0: Foul Ball, location: 2F
0-1: Swinging Strike
0-2: Ball
1-2: Ball
2-2: Foul Ball, location: 2F
2-2: Foul Ball, location: 2F
2-2: Strikes out looking
Batting: RHB Guy Morrison 0-0: Called Strike
0-1: Ball
1-1: Foul Ball, location: 2F
1-2: Ball
2-2: Foul Ball, location: 2F
2-2: Foul Ball, location: 2F
2-2: Strikes out swinging
Batting: RHB Jason Ward 0-0: Called Strike
0-1: Swinging Strike
0-2: Ball
1-2: Ball
2-2: Strikes out looking
Bottom of the 4th over - 0 run(s), 0 hit(s), 0 error(s), 0 left on base; Erie 5 - Barry's Bay 2
TOP OF THE 5TH
Erie Jaxx batting - Pitching for Barry's Bay Orioles : LHP Miguel Muńíz
Batting: RHB Alfredo Ramírez 0-0: Foul Ball, location: 2F
0-1: Fly out, F7 (Flyball, 7M)
Batting: RHB Bobby Murdock 0-0: Ball
1-0: Foul Ball, location: 2F
1-1: Ball
2-1: Ball
3-1: Base on Balls
Batting: RHB Ken Longoria 0-0: Called Strike
0-1: Ball
1-1: Ball
2-1: Foul Ball, location: 2F
2-2: SINGLE (Flyball, 89S)
Bobby Murdock to second
Runner from 2nd tries for 3rd, OUT!
Batting: LHB Josh Pérez 0-0: Ground out 2-3 (Groundball, 2R)
Top of the 5th over - 0 run(s), 1 hit(s), 0 error(s), 1 left on base; Erie 5 - Barry's Bay 2
BOTTOM OF THE 5TH
Barry's Bay Orioles batting - Pitching for Erie Jaxx : RHP Steve Newman
Batting: RHB Rob Schmidt 0-0: Called Strike
0-1: Hit by Pitch
Batting: LHB Howard Evans 0-0: Ball
1-0: Ball
2-0: Ball
3-0: Base on Balls
Rob Schmidt to second
Batting: RHB James Tucker 0-0: Foul Ball, location: 2F
0-1: Ball
1-1: Called Strike
1-2: Strikes out looking
Batting: LHB José Rodríguez 0-0: Ball
1-0: Called Strike
1-1: Foul Ball, location: 2F
1-2: Fly out, F8 (Flyball, 8LD)
Runner from 2nd tags up, SAFE at 3rd, no throw
Batting: RHB Jesús Villalobos 0-0: Ball
1-0: SINGLE (Groundball, 34)
Rob Schmidt scores
Howard Evans to second
Runner from 2nd tries for 3rd, OUT!
Bottom of the 5th over - 1 run(s), 1 hit(s), 0 error(s), 1 left on base; Erie 5 - Barry's Bay 3
TOP OF THE 6TH
Erie Jaxx batting - Pitching for Barry's Bay Orioles : LHP Miguel Muńíz
Pitching: RHP Henry Carroll
Batting: RHB Steve Clifton 0-0: Ball
1-0: Called Strike
1-1: Ball
2-1: SINGLE (Groundball, 6MD)
Batting: SHB Michael Field 0-0: Ball
1-0: Swinging Strike
1-1: TRIPLE (Groundball, 3L)
Steve Clifton scores
Batting: RHB Júlio Hernández 0-0: Called Strike
0-1: Ball
1-1: Foul Ball, location: 2F
1-2: Strikes out looking
Batting: RHB Cristián Cauozos 0-0: SINGLE (Flyball, 89S)
Michael Field scores
Batting: RHB Luis Fuentes 0-0: Ball
1-0: Foul Ball, location: 2F
1-1: Ball
2-1: Ball
3-1: Base on Balls
Cristián Cauozos to second
Batting: RHB Alfredo Ramírez 0-0: Grounds into double play, 6-4-3 (Groundball, 6)
Top of the 6th over - 2 run(s), 3 hit(s), 0 error(s), 1 left on base; Erie 7 - Barry's Bay 3
BOTTOM OF THE 6TH
Barry's Bay Orioles batting - Pitching for Erie Jaxx : RHP Steve Newman
Pitching: RHP Javier Bustamante
Batting: LHB Manuel Pérez 0-0: Ball
1-0: Ball
2-0: Ball
3-0: Called Strike
3-1: Called Strike
3-2: Base on Balls
Batting: RHB Curt Wagner 0-0: Fly out, F4 (Popup, 6MD)
Batting: RHB Guy Morrison 0-0: Ball
1-0: Ball
2-0: Fly out, F7 (Flyball, 78M)
Batting: RHB Jason Ward 0-0: Ground out 4-3 (Groundball, 4)
Bottom of the 6th over - 0 run(s), 0 hit(s), 0 error(s), 1 left on base; Erie 7 - Barry's Bay 3
TOP OF THE 7TH
Erie Jaxx batting - Pitching for Barry's Bay Orioles : RHP Henry Carroll
Batting: RHB Bobby Murdock 0-0: Ball
1-0: Ball
2-0: Ball
3-0: Called Strike
3-1: Swinging Strike
3-2: Foul Ball, location: 2F
3-2: Base on Balls
Batting: RHB Ken Longoria 0-0: Ball
1-0: Ball
2-0: SINGLE (Line Drive, 34)
Bobby Murdock to second
Runner from 2nd tries for 3rd, OUT!
Batting: LHB Josh Pérez 0-0: Ball
1-0: Foul Ball, location: 2F
1-1: Ball
2-1: Foul Ball, location: 2F
2-2: Fly out, F5 (Line Drive, 5S)
Batting: RHB Steve Clifton 0-0: Swinging Strike
0-1: Ball
1-1: Foul Ball, location: 2F
1-2: Foul Ball, location: 2F
1-2: Fly out, F7 (Flyball, 7LM)
Top of the 7th over - 0 run(s), 1 hit(s), 0 error(s), 1 left on base; Erie 7 - Barry's Bay 3
BOTTOM OF THE 7TH
Barry's Bay Orioles batting - Pitching for Erie Jaxx : RHP Javier Bustamante
Batting: RHB Rob Schmidt 0-0: Called Strike
0-1: Ball
1-1: SOLO HOME RUN (Flyball, 7D), Distance : 358 ft
Batting: LHB Howard Evans 0-0: Ball
1-0: Ball
2-0: Called Strike
2-1: Swinging Strike
2-2: SOLO HOME RUN (Flyball, 89XD), Distance : 363 ft
Batting: RHB James Tucker 0-0: Ball
1-0: Ball
2-0: Swinging Strike
2-1: Foul Ball, location: 2F
2-2: Strikes out looking
Batting: LHB José Rodríguez 0-0: Ball
1-0: Ball
2-0: Fly out, F5 (Popup, 5F)
Batting: RHB Jesús Villalobos 0-0: Ball
1-0: Ball
2-0: Hit by Pitch
Batting: LHB Manuel Pérez 0-0: Called Strike
0-1: Ball
1-1: Ball
2-1: Ball
3-1: Ground out U3 (Groundball, 3S)
Bottom of the 7th over - 2 run(s), 2 hit(s), 0 error(s), 1 left on base; Erie 7 - Barry's Bay 5
TOP OF THE 8TH
Erie Jaxx batting - Pitching for Barry's Bay Orioles : RHP Henry Carroll
Pitching: RHP António Encarnación
Batting: SHB Michael Field 0-0: Foul Ball, location: 2F
0-1: Ball
1-1: Called Strike
1-2: Ball
2-2: Ground out 5-3 (Groundball, 56S)
Batting: RHB Júlio Hernández 0-0: Foul Ball, location: 2F
0-1: Foul Ball, location: 2F
0-2: Strikes out swinging
Batting: RHB Cristián Cauozos 0-0: Called Strike
0-1: Fly out, F7 (Flyball, 7M)
Top of the 8th over - 0 run(s), 0 hit(s), 0 error(s), 0 left on base; Erie 7 - Barry's Bay 5
BOTTOM OF THE 8TH
Barry's Bay Orioles batting - Pitching for Erie Jaxx : RHP Javier Bustamante
Pitching: RHP Jorge Barrón
Batting: RHB Curt Wagner 0-0: Ball
1-0: Ground out 6-3 (Groundball, 6)
Batting: RHB Guy Morrison 0-0: Foul Ball, location: 2F
0-1: Called Strike
0-2: Foul Ball, location: 2F
0-2: Strikes out swinging
Batting: RHB Jason Ward 0-0: Called Strike
0-1: Called Strike
0-2: Strikes out looking
Bottom of the 8th over - 0 run(s), 0 hit(s), 0 error(s), 0 left on base; Erie 7 - Barry's Bay 5
TOP OF THE 9TH
Erie Jaxx batting - Pitching for Barry's Bay Orioles : RHP António Encarnación
Batting: RHB Luis Fuentes 0-0: Hit by Pitch
Batting: RHB Alfredo Ramírez 0-0: Ball
1-0: Sac Bunt - play at first, batter OUT! 1-3
Luis Fuentes to second
Batting: RHB Bobby Murdock 0-0: Called Strike
0-1: Swinging Strike
0-2: Strikes out swinging
Batting: RHB Ken Longoria 0-0: Called Strike
0-1: Foul Ball, location: 2F
0-2: Foul Ball, location: 2F
0-2: Strikes out swinging
Top of the 9th over - 0 run(s), 0 hit(s), 0 error(s), 1 left on base; Erie 7 - Barry's Bay 5
BOTTOM OF THE 9TH
Barry's Bay Orioles batting - Pitching for Erie Jaxx : RHP Jorge Barrón
Pitching: RHP Juan Silva
Batting: RHB Rob Schmidt 0-0: Swinging Strike
0-1: Called Strike
0-2: Ball
1-2: Strikes out swinging
Batting: LHB Howard Evans 0-0: Foul Ball, location: 2F
0-1: Swinging Strike
0-2: Ground out 5-3 (Groundball, 56S)
Batting: RHB James Tucker 0-0: Ball
1-0: Ball
2-0: Called Strike
2-1: Foul Ball, location: 2F
2-2: Foul Ball, location: 2F
2-2: Ball
3-2: Base on Balls
Batting: LHB José Rodríguez 0-0: Ball
1-0: Called Strike
1-1: Foul Ball, location: 2F
1-2: Foul Ball, location: 2F
1-2: Ball
2-2: Ground out U3 (Groundball, 3)
Bottom of the 9th over - 0 run(s), 0 hit(s), 0 error(s), 1 left on base; Erie 7 - Barry's Bay 5
Monday, December 5th, 2016 - OOTP Baseball 17.12 Build 75